 Dungeon Crawl Stone Soup version 0.30.1-11-g7821555f0a (webtiles) character file.

Game seed: 17833186432408068198

103 pkoi the Ruffian (level 4, -8/36 HPs)
             Began as a Draconian Gladiator on Nov 15, 2023.
             Killed from afar by Ijyb (15 damage)
             ... with a bolt of dispelling energy
             ... on level 3 of the Dungeon.
             The game lasted 00:03:34 (2149 turns).

pkoi the Ruffian (Draconian Gladiator)              Turns: 2149, Time: 00:03:34

Health: -8/36      AC:  6    Str: 17    XL:     4   Next: 51%
Magic:  4/4        EV: 12    Int: 10    God:
Gold:   161        SH:  0    Dex: 12    Spells: 3/3 levels left

rFire   . .          .
                       - Unarmed
rCold   . . .        (no shield)
rNeg    . . .        (body armour unavailable)
rPois   .            a - +1 hat
rElec   .            (no cloak)
rCorr   .            (no gloves)
SInv    +            (no boots)
Will    .....        k - amulet of regeneration
Stlth   +            n - ring of see invisible
HPRegen 1.06/turn    (no ring)
MPRegen 0.09/turn

%: no passive effects
@: no status effects
A: AC +5, unfitting armour, cold-blooded
a: no special abilities


You were on level 3 of the Dungeon.
You visited 1 branch of the dungeon, and saw 3 of its levels.

You collected 161 gold pieces.

Inventory:

Hand Weapons
 h - a +2 dagger of protection
 s - a +2 dagger of draining
Missiles
 b - 3 throwing nets (quivered)
 c - a javelin
Armour
 a - a +1 hat (worn)
Jewellery
 k - an amulet of regeneration (around neck)
 n - a ring of see invisible (left hand)
 o - an amulet of the acrobat
Scrolls
 d - 2 scrolls of enchant armour
 q - 2 scrolls of teleportation
 t - a scroll of immolation
Potions
 e - a potion of resistance
 f - a potion of magic
 j - 2 potions of curing
 m - a potion of ambrosia
 p - a potion of lignification


   Skills:
 - Level 2.1 Fighting
 - Level 1.7 Throwing
 - Level 2.6 Dodging
 + Level 5.3 Unarmed Combat


You had 3 spell levels left.
You didn't know any spells.
Your spell library contained the following spells:

 Spells                   Type           Power      Damage    Failure   Level
 Sublimation of Blood     Necr           0%         N/A       50%         2
 Petrify                  Tmut/Erth      0%         N/A       98%         4
 Irradiate                Conj/Tmut      0%         3d11      100%        5


Dungeon Overview and Level Annotations

Branches:
Dungeon (3/15)

Altars:
Vehumet

Shops:
D:3 :

Annotations:
D:3 Grinder, Ijyb


Innate Abilities, Weirdness & Mutations

Your plain brown scales are hard. (AC +5)
You cannot fit into any form of body armour.
You are cold-blooded and may be slowed by cold attacks.


Message History

There is a stone staircase leading up here.
Ijyb the Twisted Goblin comes into view.
She is wielding a +0 dagger and carrying a wand of quicksilver (6).
Ijyb is nearby!
Ijyb is nearby!
It was a potion of magic.
Magic courses through your body.
Ijyb shouts!
It was a potion of curing.
You feel better.
Okay, then.
Ijyb screams, "No!
No, no, no, no!"
Ijyb zaps a wand.
The bolt of dispelling energy hits you!
You hit Ijyb.
Ijyb is lightly wounded.
Ijyb hits you but does no damage.
You hit Ijyb but do no damage. You tail-slap Ijyb, but do no damage.
Your punch misses Ijyb.
Ijyb is lightly wounded.
Ijyb hits you with a +0 dagger.
You punch Ijyb!
Ijyb is heavily wounded.
Ijyb hits you with a +0 dagger.
You closely miss Ijyb.
Your tail-slap misses Ijyb.
Ijyb is heavily wounded.
Ijyb zaps a wand.
The bolt of dispelling energy hits you!
You hit Ijyb.
Ijyb is severely wounded.
You closely miss Ijyb.
Ijyb is severely wounded.
Ijyb zaps a wand.
The bolt of dispelling energy hits you!
* * * LOW HITPOINT WARNING * * *
You hit Ijyb but do no damage.
Your tail-slap misses Ijyb.
Ijyb is severely wounded.
Ijyb misses you.
As you read the scroll labelled EMPUUSHR WUROME, it crumbles to dust.
Your body is wracked with pain!
* * * LOW HITPOINT WARNING * * *
Ijyb convulses!
It was a scroll of torment.
Ijyb hits you but does no damage.
You barely miss Ijyb.
Your tail-slap misses Ijyb.
Ijyb is almost dead.
Ijyb zaps a wand.
The bolt of dispelling energy hits you!
You die...

#.# .# #.
#.# #. #.#
#. #.# #.
##.## . ##
#<..######
.##
#........#
..#
#...####.#
#.# #####
#@# #.#
#g# #.#
#.#
##.######
#.#
#.....)..
#.#
#..######
#.#
#..#####
#.#
#......#
#.#
#.####.#
#. #.#


You could see Ijyb.

Vanquished Creatures
  Robin (D:2)
  An adder (D:2)
  4 orcs (D:3)
  5 ball pythons
  3 bats (D:1)
  3 endoplasms
  7 giant cockroaches
  9 goblins
  8 hobgoblins
  11 jackals
  6 kobolds
  A quokka (D:1)
  3 frilled lizards
  7 rats
69 creatures vanquished.

Notes
Turn   | Place    | Note
-------+----------+-------------------------------------------
     0 | D:1      | pkoi the Draconian Gladiator began the quest for the Orb.
     0 | D:1      | Reached XP level 1. HP: 17/17 MP: 1/1
    69 | D:1      | Reached XP level 2. HP: 21/24 MP: 2/2
   342 | D:1      | Reached skill level 4 in Unarmed Combat
   549 | D:1      | Reached XP level 3. HP: 29/29 MP: 3/3
  1198 | D:2      | Found a radiant altar of Vehumet.
  1342 | D:2      | Noticed Robin
  1374 | D:2      | Reached XP level 4. HP: 36/36 MP: 4/4
  1383 | D:2      | Killed Robin
  1384 | D:2      | Reached skill level 5 in Unarmed Combat
  2033 | D:3      | Found Riffoth's Book Boutique.
  2095 | D:3      | Noticed Grinder
  2136 | D:3      | Noticed Ijyb
  2149 | D:3      | Killed from afar by Ijyb

Illustrated notes

Levels and vault maps discovered:
D:1:      minmay_arrival_stair_chambers, layout_basic
D:2:      layout_basic, basic_altar, uniq_robin
D:3:      layout_loops_ring, serial_shops, shop, uniq_grinder, uniq_ijyb

Skill      XL: |  1  2  3  4 |
---------------+-------------+-----
Unarmed Combat | 4 5 |  5.3
Fighting       | |  2.1
Throwing       | |  1.7
Dodging        | |  2.6

Action                     |  1- 3 |  4- 6 || total
---------------------------+-------+-------++-------
  Melee: Unarmed           |   180 |    72 ||   252
         Tailslap          |    15 |     6 ||    21
         Punch             |     2 |     1 ||     3
    Use: Scroll            |       |    12 ||    12
         Potion            |       |     2 ||     2
   Stab: Sleeping          |     2 |       ||     2
 Armour: Skin              |    66 |    18 ||    84
  Dodge: Dodged            |   124 |    30 ||   154
